 Dungeon Crawl Stone Soup version 0.29.1-12-g30fa7ad0bf (webtiles) character file.

Game seed: 16482193184069170023

108 wrenrar the Digger (level 4, -2/24 HPs)
             Began as a Gargoyle Earth Elementalist on Jan 8, 2023.
             Frozen to death by an endoplasm (3 damage)
             ... on level 3 of the Dungeon on Jan 9, 2023.
             The game lasted 00:15:40 (2563 turns).

wrenrar the Digger (Gargoyle Earth Elementalist)    Turns: 2563, Time: 00:15:41

Health: -2/24      AC:  5    Str: 13    XL:     4   Next: 87%
Magic:  2/8        EV: 12    Int: 16    God:
Gold:   53         SH:  0    Dex: 10    Spells: 4/8 levels left

rFire   . . .      SeeInvis .   d - +0 short sword
rCold   . . .      Faith    .   (no shield)
rNeg    + . .      Spirit   .   a - +0 robe
rPois   ∞          Reflect  .   (no helmet)
rElec   +          Harm     .   (no cloak)
rCorr   +          Rampage  .   (no gloves)
Will    .....                   (no boots)
Stlth   ++........              (no amulet)
HPRegen 0.08/turn               m - ring of resist corrosion
MPRegen 0.11/turn               (no ring)

@: mighty
A: sickness immunity, AC +3, negative energy resistance 1, electricity
resistance, torment resistance 1, petrification resistance
a: no special abilities


You were on level 3 of the Dungeon.
You visited 1 branch of the dungeon, and saw 3 of its levels.

You collected 53 gold pieces.

Inventory:

Hand Weapons
 d - a +0 short sword (weapon)
Armour
 a - a +0 robe (worn)
 l - the +1 chain mail "Otadwup" {rN+ Int+6}
   (You found it on level 2 of the Dungeon)

   Int:       It affects your intelligence (+6).
   rN:        It protects you from negative energy.
Jewellery
 m - a ring of resist corrosion (left hand)
Scrolls
 e - 2 scrolls of noise {unknown}
 g - a scroll of identify
 h - a scroll of amnesia {unknown}
 i - a scroll of enchant weapon {unknown}
 p - a scroll of immolation {unknown}
 q - a scroll of teleportation {unknown}
Potions
 b - a potion of magic
 f - a potion of might
 j - a potion of haste {unknown}
 k - a potion of brilliance {unknown}
 n - a potion of mutation {unknown}
 o - a potion of invisibility {unknown}


   Skills:
 + Level 1.3 Short Blades
 + Level 0.4 Armour
 - Level 2.0 Dodging
 + Level 2.9 Stealth
 * Level 2.7 Spellcasting
 + Level 1.5 Transmutations
 * Level 4.2 Earth Magic


You had 4 spell levels left.
You knew the following spells:

 Your Spells              Type           Power      Damage    Failure   Level
a - Sandblast             Erth           30%        2d9       3%          1
b - Stone Arrow           Conj/Erth      16%        3d8       24%         3

Your spell library contained the following spells:

 Spells                   Type           Power      Damage    Failure   Level
 Passwall                 Tmut/Erth      9%         N/A       9%          2
 Apportation              Tloc           4%         N/A       19%         1
 Necrotise                Necr           8%         1d4       19%         1
 Summon Small Mammal      Summ           8%         N/A       19%         1
 Petrify                  Tmut/Erth      11%        N/A       52%         4


Dungeon Overview and Level Annotations

Branches:
Dungeon (3/15)

Altars:


Innate Abilities, Weirdness & Mutations

You are immune to sickness and miasma.
Your stone body is resilient. (AC +3)
You are immune to poison.
You resist negative energy. (rN+)
You are resistant to electric shocks. (rElec)
You are resistant to unholy torment.
You are immune to petrification.


Message History

Aim: an orc, wielding a +0 short sword (82% to hit)
The blast of sand hits the orc!
You kill the orc!
The endoplasm barely misses you. Something hits you but does no damage.
The endoplasm freezes you.
You are frozen.
* * * LOW HITPOINT WARNING * * *
Something hits you but does no damage. The orc closely misses you.
It was a potion of curing.
You feel better. The endoplasm freezes you.
You are frozen.
* * * LOW HITPOINT WARNING * * *
Something hits you but does no damage. The orc barely misses you.
Okay, then.
Unknown command.
As you read the scroll labelled NUOCOMIDER, it crumbles to dust.
It is a scroll of identify.
f - 2 potions of might The orc misses you.
The endoplasm hits you but does no damage.
Something hits you but does no damage. The orc hits you with a +0 flail.
* * * LOW HITPOINT WARNING * * *
You feel better. The endoplasm hits you. Something hits you but does no damage.
The orc barely misses you. x2
You feel very mighty all of a sudden. The endoplasm hits you.
Something hits you. The orc closely misses you. The orc barely misses you.
You closely miss something. The endoplasm freezes you.
You are frozen.
* * * LOW HITPOINT WARNING * * *
The orc hits you with a +0 flail.
* * * LOW HITPOINT WARNING * * *
Something hits you.
* * * LOW HITPOINT WARNING * * *
The orc barely misses you.
You miss something. The endoplasm freezes you.
You are frozen.
You die...

#....... ..#
##....!.###.#
#.....?..##.#
.........?#.#
<.........#.## #
..........#..#######.#
........<............#
...)......#....oo....#
#...)...)##...Z{@....#
..........#....J######
.......o..#..8..#
....... #.....#
....o.. #.....# ...o
.....### .######


You could see 2 orcs, an adder zombie and an endoplasm.

Vanquished Creatures
  A gnoll (D:2)
  5 adders (D:2)
  An adder zombie (D:3)
  3 dart slugs
  An orc (D:3)
  2 giant cockroaches (D:1)
  2 goblins (D:1)
  7 hobgoblins
  4 ball pythons
  7 bats
  2 frilled lizards (D:2)
  8 kobolds
  3 rats (D:1)
46 creatures vanquished.

Vanquished Creatures (others)
  A withered plant (D:3)
1 creature vanquished.

Grand Total: 47 creatures vanquished

Notes
Turn   | Place    | Note
-------+----------+-------------------------------------------
     0 | D:1      | wrenrar the Gargoyle Earth Elementalist began the quest for
                  | the Orb.
     0 | D:1      | Reached XP level 1. HP: 10/10 MP: 3/3
    32 | D:1      | Found a faded altar of an unknown god.
   431 | D:1      | Reached XP level 2. HP: 15/15 MP: 3/5
   482 | D:1      | Reached skill level 1 in Transmutations
  1216 | D:1      | Reached XP level 3. HP: 19/19 MP: 4/6
  1689 | D:2      | Reached skill level 4 in Earth Magic
  1824 | D:2      | Reached skill level 1 in Short Blades
  1893 | D:2      | Reached XP level 4. HP: 24/24 MP: 3/7
  1935 | D:2      | Identified the +1 chain mail "Otadwup" {rN+ Int+6}
  2538 | D:3      | Learned a level 3 spell: Stone Arrow
  2562 | D:3      | HP: 1/24 [something (1)]
  2563 | D:3      | Frozen to death by an endoplasm

Illustrated notes

Levels and vault maps discovered:
D:1:      amcnicky_arrival_single_pillar, layout_basic,
          chequers_ecumenical_altar_simple
D:2:      layout_loops_cross, minmay_tetromino_i4
D:3:      layout_rooms, serial_undead, serial_undead_f, serial_undead_c,
          serial_undead_d, serial_undead_b, serial_undead_d, serial_undead_b,
          serial_undead_d, serial_undead_b, minmay_misc_feat_tower,
          minmay_ogre_servants, uniq_robin

Skill      XL: |  1  2  3 |
---------------+----------+-----
Transmutations | 1 |  1.5
Earth Magic    | 4 |  4.2
Short Blades   | 1 |  1.3
Dodging        | 2 |  2.0
Armour         | |  0.4
Stealth        | |  2.9
Spellcasting   | |  2.7

Action                   |  1- 3 |  4- 6 || total
-------------------------+-------+-------++-------
Melee: Unarmed           |    22 |       ||    22
       Short sword       |    14 |    23 ||    37
       Punch             |       |     1 ||     1
 Cast: Sandblast         |    42 |    18 ||    60
  Use: Potion            |       |     3 ||     3
       Scroll            |       |     1 ||     1
Armor: Robe              |    14 |    23 ||    37
       Chain mail        |       |    14 ||    14
Dodge: Dodged            |    32 |    40 ||    72
